 Dungeon Crawl Stone Soup version 0.28.0-53-g5a82cb258f (webtiles) character file.

Game seed: 8788081635244379151

56651 nickcage the Wrestler (level 14, -14/119 HPs)
             Began as a Ghoul Monk on July 11, 2022.
             Was a High Priest of Dithmenos.
             Demolished by a death knight
             ... wielding a +3 battleaxe
              (23 damage)
             ... on level 12 of the Dungeon.
             The game lasted 00:43:07 (24022 turns).

nickcage the Wrestler (Ghoul Monk)                 Turns: 24022, Time: 00:43:08

Health: -14/119    AC: 21    Str: 20    XL:     14   Next: 82%
Magic:  16/16      EV:  9    Int:  8    God:    Dithmenos [*****.]
Gold:   1055       SH:  0    Dex: 11    Spells: 13/13 levels left

rFire   . . .      SeeInvis .     - Unarmed
rCold   + . .      Faith    .   (no shield)
rNeg    + + +      Spirit   .   C - +4 chain mail
rPois   ∞          Reflect  .   K - +2 hat {Int+3}
rElec   .          Harm     .   g - +0 cloak
rCorr   .          Rampage  .   U - +0 pair of gloves
Will    +....                   (no boots)
Stlth   ..........              (no amulet)
HPRegen 0.00/turn               c - +4 ring of slaying
MPRegen 0.15/turn               B - ring of willpower

@: weak-willed, inhibited regen, wreathed by umbra, studying Armour
A: claws 1, cold resistance 1, negative energy resistance 3, inhibited
regeneration, torment resistance 2
a: Renounce Religion, Shadow Step, Shadow Form


You were on level 12 of the Dungeon.
You worshipped Dithmenos.
Dithmenos was extremely pleased with you.
You visited 3 branches of the dungeon, and saw 19 of its levels.

You collected 1159 gold pieces.
You spent 104 gold pieces at shops.

Inventory:

Hand Weapons
 a - a +2 morningstar of flaming
 Q - the +8 short sword of Dirchil {chaos, rF+ rCorr Str+3}
   (You took it off an orc on level 11 of the Dungeon)

   Each time it hits an enemy it has a different, random effect.
   Str:       It affects your strength (+3).
   rF:        It protects you from fire.
   rCorr:     It protects you from acid and corrosion.
Missiles
 G - 14 poisoned darts (quivered)
Armour
 d - +0 fire dragon scales
 g - a +0 cloak (worn)
 C - a +4 chain mail (worn)
 K - a +2 hat of intelligence (worn)
 U - a +0 pair of gloves (worn)
Jewellery
 c - a +4 ring of slaying (left hand)
 B - a ring of willpower (right hand)
 E - a ring of resist corrosion
 Z - the ring "Bied" {rPois rC+ Int+4 Dex-3 SInv}
   (You found it on level 5 of the Lair of Beasts)

   [ring of protection from cold]

   Int:       It affects your intelligence (+4).
   Dex:       It affects your dexterity (-3).
   rC:        It protects you from cold.
   rPois:     It protects you from poison.
   SInv:      It lets you see invisible.
Wands
 h - a wand of charming (10)
 i - a wand of digging (10)
 m - a wand of mindburst (12)
 t - a wand of paralysis (20)
 x - a wand of iceblast (43)
 F - a wand of polymorph (14)
 I - a wand of acid (12)
 L - a wand of flame (7)
Scrolls
 b - 2 scrolls of fog
 l - 4 scrolls of enchant weapon
 n - 4 scrolls of amnesia
 q - a scroll of immolation
 y - 3 scrolls of blinking
 z - 2 scrolls of teleportation
 M - a scroll of enchant armour
 N - a scroll of brand weapon
 O - a scroll of acquirement
 P - 4 scrolls of magic mapping
 R - 4 scrolls of identify
 S - 2 scrolls of holy word {unknown}
 X - a scroll of fear {unknown}
Potions
 f - 4 potions of brilliance
 j - a potion of ambrosia {unknown}
 k - 2 potions of cancellation
 o - 2 potions of flight
 u - 3 potions of resistance
 w - 4 potions of attraction
 A - 4 potions of curing
 D - a potion of heal wounds
 H - a potion of might {unknown}
 J - 3 potions of haste
 Y - a potion of invisibility
Miscellaneous
 e - a phial of floods
 V - a piece from Xom's chessboard (15/15)


   Skills:
 * Level 9.9 Fighting
 + Level 13.1 Armour
 - Level 2.6 Dodging
 - Level 2.1 Stealth
 + Level 21.0 Unarmed Combat
 * Level 4.8 Invocations


You had 13 spell levels left.
You didn't know any spells.
Your spell library contained the following spells:

 Spells                   Type           Power      Damage    Failure   Level
 Animate Skeleton         Necr           0%         N/A       95%         1
 Foxfire                  Conj/Fire      0%         2x1d4     95%         1
 Pain                     Necr           0%         1d4       95%         1
 Slow                     Hex            0%         N/A       95%         1
 Confusing Touch          Hex            0%         N/A       100%        3
 Conjure Flame            Conj/Fire      0%         6-21      100%        3
 Frozen Ramparts          Ice            0%         1d2       100%        3
 Inner Flame              Hex/Fire       0%         N/A       100%        3
 Vampiric Draining        Necr           0%         2d6       100%        3
 Cause Fear               Hex            0%         N/A       100%        4
 Flame Wave               Conj/Fire      0%         2d4       100%        4
 Summon Ice Beast         Ice/Summ       0%         N/A       100%        4
 Summon Lightning Spire   Summ/Air       0%         N/A       100%        4
 Fireball                 Conj/Fire      0%         3d3       100%        5
 Iskenderun's Battlesphe  Conj           0%         2d6       100%        5
 Conjure Ball Lightning   Conj/Air       0%         3x3d6     100%        6
 Orb of Destruction       Conj           0%         9d5       100%        7
 Discord                  Hex            0%         N/A       100%        8
 Maxwell's Capacitive Co  Air            0%         ∞         100%        8
 Ice Form                 Ice/Tmut       Unusable   N/A       N/A         4
 Storm Form               Tmut/Air       Unusable   N/A       N/A         7

Dungeon Overview and Level Annotations

Branches:
Dungeon (12/15)            Temple (1/1) D:7            Lair (6/6) D:11
 Shoals (0/4) Lair:2        Snake (0/4) Lair:2        Slime (0/5) Lair:6
    Orc: D:9-12

Altars:
Ashenzari
Cheibriados
Dithmenos
Elyvilon
Fedhas
Gozag
Hepliaklqana
Kikubaaqudgha
Makhleb
Nemelex Xobeh
Okawaru
Qazlal
Sif Muna
Trog
Uskayaw
Wu Jian
Xom
Yredelemnul
Zin
The Shining One

Shops:
D:7 *:   D:10 (?

Annotations:
D:11 1 transporter, Zaoplus's ghost, novice DrCj
Lair:4 3 runed translucent doors, Ucahaeje's ghost, journeyman MfSk


Innate Abilities, Weirdness & Mutations

You thrive by killing the living.
You are immune to poison.
You have sharp fingernails.
Your flesh is cold resistant. (rC+)
You are immune to negative energy. (rN+++)
You do not regenerate when monsters are visible.
You are immune to unholy pain and torment.


Message History

No target in view!
No target in view!
A wraith comes into view.
A death knight comes into view. It is wielding a +3 battleaxe.
The death knight shouts!
The wraith misses you.
The death knight offers itself to Yredelemnul, and fills with unholy energy.
The wraith hits you but does no damage.
You pummel the wraith!!
You destroy the wraith!
Dithmenos accepts your kill.
The death knight hits you with a +3 battleaxe!!
You are too injured to fight recklessly!
You are too injured to fight recklessly!
You are too injured to fight recklessly!
You are too injured to fight recklessly!
You are too injured to fight recklessly!
You are too injured to fight recklessly!
You pummel the death knight!!
The death knight is moderately wounded.
The death knight reflects your damage back at you!
The death knight hits you but does no damage.
You pummel the death knight!!
The death knight is heavily wounded.
The death knight reflects your damage back at you!
* * * LOW HITPOINT WARNING * * *
You feel yourself speed up.
The death knight hits you with a +3 battleaxe!
* * * LOW HITPOINT WARNING * * *
The death knight drinks a potion.
The death knight seems to speed up.
The death knight's dark mirror aura disappears.
You see here a +1 battleaxe of venom.
The death knight completely misses you.
The death knight hits you with a +3 battleaxe.
* * * LOW HITPOINT WARNING * * *
The death knight completely misses you.
You punch the death knight! x2
The death knight is almost dead.
The death knight hits you with a +3 battleaxe!!
You die...

##...####.... #..##
. #.## #.# ###)####
#......##
#.#.#...##
#.#..p.#.####
#.###@.......
#.......####..
####..(.......
#..8≈≈≈≈≈≈
##)≈8≈≈≈≈≈
#)≈≈!'############
##)≈≈.#............
#..≈≈##...)........
#.))...)..).).).8..


You could see a death knight (fast).

Vanquished Creatures
  Jorgrun (D:12)
  Gastronok (D:9)
  Snorg (Lair:4)
  A fire dragon (Lair:6)
  A boulder beetle (D:11)
  A catoblepas (Lair:4)
  13 hydras
  A two-headed ogre (D:9)
  A skeletal warrior (D:12)
  An orc knight (D:10)
  A phantasmal warrior (D:12)
  2 lindwurms
  2 manticores
  14 elephants
  5 black mambas
  2 cyclopes (D:12)
  Maurice (D:10)
  2 molten gargoyles (Lair:6)
  Maggie (D:6)
  3 gargoyles
  Psyche (D:10)
  14 cane toads
  13 komodo dragons
  An unseen horror (D:11)
  4 rime drakes
  2 trolls
  2 polar bears
  A wind drake (Lair:2)
  5 dream sheep (Lair:4)
  3 slime creatures (D:12)
  11 blink frogs
  A water elemental (D:12)
  A shadow (D:11)
  2 wraiths (D:12)
  5 wyverns
  29 yaks
  10 basilisks
  2 wargs (D:11)
  3 steam dragons (Lair:6)
  An acid dragon (D:10)
  4 hell hounds (Lair:6)
  15 water moccasins
  6 sky beasts
  A hornet zombie (D:5)
  2 ice beasts
  10 orc warriors
  5 black bears
  2 necrophages (D:6)
  3 ogres
  6 wolves
  9 centaurs
  A phantom (D:5)
  2 kobold brigands
  10 bullfrogs
  3 scorpions
  A water moccasin zombie (D:7)
  15 killer bees
  9 wights
  3 howler monkeys
  2 electric eels
  4 centaur zombies
  5 lava snakes (Lair:6)
  4 jellies
  12 orc priests
  A gnoll shaman (D:5)
  3 hounds
  A centaur skeleton (D:7)
  A bullfrog skeleton (D:5)
  6 hell rats (Lair:5)
  3 iguanas
  14 orc wizards
  A hound skeleton (D:4)
  A howler monkey zombie (D:11)
  4 gnolls (D:5)
  2 adders
  2 white imps
  An ufetubus (D:4)
  4 worms
  4 dart slugs
  44 orcs
  4 ball pythons
  7 endoplasms
  2 giant cockroaches
  7 hobgoblins
  6 quokkas
  3 bats
  5 frilled lizards
  11 goblins
  9 kobolds
  8 rats
454 creatures vanquished.

Vanquished Creatures (others)
  A jelly (Lair:6)
  11 fungi
  20 plants
32 creatures vanquished.

Grand Total: 486 creatures vanquished

Notes
Turn   | Place    | Note
-------+----------+-------------------------------------------
     0 | D:1      | nickcage the Ghoul Monk began the quest for the Orb.
     0 | D:1      | Reached XP level 1. HP: 19/19 MP: 0/0
   204 | D:1      | Reached XP level 2. HP: 26/26 MP: 1/1
   207 | D:1      | Reached skill level 4 in Unarmed Combat
   431 | D:1      | Found a faded altar of an unknown god.
   467 | D:1      | Reached XP level 3. HP: 31/31 MP: 2/2
   860 | D:2      | Reached skill level 5 in Unarmed Combat
  1175 | D:3      | Reached XP level 4. HP: 28/38 MP: 3/3
  1780 | D:3      | Reached skill level 6 in Unarmed Combat
  2043 | D:3      | Reached XP level 5. HP: 45/45 MP: 4/4
  2686 | D:4      | Found a bloodstained altar of Trog.
  2686 | D:4      | Noticed a black bear
  2686 | D:4      | Noticed a black bear
  2695 | D:4      | Killed a black bear
  2696 | D:4      | Reached skill level 7 in Unarmed Combat
  2696 | D:4      | Reached XP level 6. HP: 47/51 MP: 5/5
  2703 | D:4      | Killed a black bear
  3083 | D:4      | Reached skill level 8 in Unarmed Combat
  3563 | D:5      | Entered Level 5 of the Dungeon
  3563 | D:5      | Noticed a sky beast
  3575 | D:5      | Killed a sky beast
  3576 | D:5      | Reached skill level 1 in Armour
  3576 | D:5      | Reached XP level 7. HP: 39/57 MP: 6/6
  3872 | D:5      | Reached skill level 9 in Unarmed Combat
  3960 | D:5      | Reached XP level 8. HP: 9/63 MP: 7/7
  4283 | D:5      | Reached skill level 10 in Unarmed Combat
  4624 | D:5      | Found an opulent altar of Gozag.
  5235 | D:6      | Reached skill level 11 in Unarmed Combat
  5245 | D:6      | Reached XP level 9. HP: 53/70 MP: 5/8
  5497 | D:6      | Noticed Maggie
  5521 | D:6      | Killed Maggie
  5522 | D:6      | Reached skill level 5 in Armour
  5522 | D:6      | Reached skill level 12 in Unarmed Combat
  6688 | D:7      | Found Soshefua's Book Shoppe.
  7165 | D:7      | Reached skill level 13 in Unarmed Combat
  7169 | D:7      | Reached XP level 10. HP: 62/77 MP: 9/9
  7790 | D:7      | Reached skill level 14 in Unarmed Combat
  7929 | D:7      | Found a staircase to the Ecumenical Temple.
  7944 | Temple   | Entered the Ecumenical Temple
  8026 | Temple   | Became a worshipper of Dithmenos the Shadowed
  8026 | Temple   | Reached * piety under Dithmenos
  8026 | Temple   | Reached ** piety under Dithmenos
  8086 | D:7      | Found Tacuqyom's Assorted Antiques.
  8819 | D:8      | Noticed a gargoyle
  8826 | D:8      | Killed a gargoyle
  9164 | D:8      | Found a basalt altar of Yredelemnul.
  9165 | D:8      | Found a stormy altar of Qazlal.
  9167 | D:8      | Found a hide-covered altar of Uskayaw.
  9167 | D:8      | Found a sparkling altar of Nemelex Xobeh.
  9943 | D:9      | Reached skill level 15 in Unarmed Combat
  9949 | D:9      | Reached XP level 11. HP: 62/82 MP: 10/10
 10054 | D:9      | Noticed Gastronok
 10067 | D:9      | Killed Gastronok
 10337 | D:9      | Noticed a two-headed ogre
 10345 | D:9      | Killed a two-headed ogre
 10552 | D:9      | Reached *** piety under Dithmenos
 10606 | D:9      | Reached skill level 16 in Unarmed Combat
 11094 | D:10     | Entered Level 10 of the Dungeon
 11472 | D:10     | Noticed Psyche
 11478 | D:10     | Killed Psyche
 11520 | D:10     | Noticed an eight-headed hydra
 11528 | D:10     | Killed an eight-headed hydra
 11573 | D:10     | Found Wenit Ytod's Magic Scroll Emporium.
 11584 | D:10     | Bought a scroll of enchant armour for 82 gold pieces
 11584 | D:10     | Bought a scroll of identify for 22 gold pieces
 11601 | D:10     | Noticed Maurice
 11604 | D:10     | Killed Maurice
 11720 | D:10     | Found Kugriar's Weapon Boutique.
 11738 | D:10     | Noticed an orc knight
 11791 | D:10     | Killed an orc knight
 12339 | D:11     | Noticed a manticore
 12348 | D:11     | Killed a manticore
 12389 | D:11     | Reached XP level 12. HP: 68/93 MP: 11/11
 12500 | D:11     | Noticed a two-headed ogre
 12500 | D:11     | Noticed Zaoplus's ghost (novice DrCj)
 12501 | D:11     | Noticed a two-headed ogre
 12501 | D:11     | Noticed a two-headed ogre
 12502 | D:11     | Found a transporter.
 12502 | D:11     | Identified the +5 giant spiked club of the Eternal Void
                  | {venom, rPois Int-2 Dex+4 SInv}
 12502 | D:11     | Identified the +4 giant spiked club of the Screaming
                  | Augurer {vorpal, rElec rPois}
 12502 | D:11     | Noticed a two-headed ogre
 12521 | D:11     | Reached skill level 5 in Fighting
 12521 | D:11     | Reached skill level 17 in Unarmed Combat
 12676 | D:11     | Noticed a five-headed hydra
 12689 | D:11     | Killed a five-headed hydra
 12800 | D:11     | Noticed a boulder beetle
 12817 | D:11     | Killed a boulder beetle
 13191 | D:11     | Found a staircase to the Lair.
 13387 | D:11     | Identified the +8 short sword of Dirchil {chaos, rF+ rCorr
                  | Str+3}
 13515 | Lair:1   | Entered Level 1 of the Lair of Beasts
 13733 | Lair:1   | Reached **** piety under Dithmenos
 13823 | Lair:1   | Reached skill level 10 in Armour
 13938 | Lair:1   | Noticed a six-headed hydra
 13947 | Lair:1   | Killed a six-headed hydra
 14113 | Lair:1   | Identified the ring of Okawaru's Hope {rF- rN+ rCorr Int+3}
 14117 | Lair:1   | Noticed a seven-headed hydra
 14128 | Lair:1   | Killed a seven-headed hydra
 14229 | Lair:1   | Noticed a seven-headed hydra
 14239 | Lair:1   | Killed a seven-headed hydra
 14240 | Lair:1   | Reached skill level 18 in Unarmed Combat
 14968 | Lair:2   | Found a staircase to the Snake Pit.
 15039 | Lair:2   | Noticed a six-headed hydra
 15050 | Lair:2   | Killed a six-headed hydra
 15259 | Lair:2   | Noticed a five-headed hydra
 15268 | Lair:2   | Killed a five-headed hydra
 15903 | Lair:2   | Found a staircase to the Shoals.
 15925 | Lair:2   | Reached XP level 13. HP: 39/105 MP: 12/12
 17694 | Lair:4   | Reached skill level 19 in Unarmed Combat
 17986 | Lair:4   | Noticed Snorg
 17998 | Lair:4   | Killed Snorg
 18952 | Lair:4   | Found a runed translucent gate.
 18952 | Lair:4   | Found a runed translucent gate.
 18952 | Lair:4   | Found a runed translucent gate.
 18957 | Lair:4   | Noticed Ucahaeje's ghost (journeyman MfSk)
 19565 | Lair:5   | Reached skill level 1 in Invocations
 19732 | Lair:5   | Identified the ring "Bied" {rPois rC+ Int+4 Dex-3 SInv}
 19860 | Lair:5   | Identified 2 scrolls of acquirement
 19860 | Lair:5   | Acquired a manual of Armour
 19903 | Lair:6   | Entered Level 6 of the Lair of Beasts
 20012 | Lair:6   | Reached ***** piety under Dithmenos
 20038 | Lair:6   | Reached XP level 14. HP: 88/116 MP: 14/14
 20136 | Lair:6   | Reached skill level 20 in Unarmed Combat
 20875 | Lair:6   | Found a staircase to the Slime Pits.
 22425 | Lair:6   | Found a large runed translucent door.
 22426 | Lair:6   | Found a large runed translucent door.
 23216 | D:12     | Noticed Jorgrun
 23236 | D:12     | Killed Jorgrun
 23992 | D:12     | Reached skill level 21 in Unarmed Combat
 24022 | D:12     | Demolished by a death knight

Illustrated notes

Levels and vault maps discovered:
D:1:      dpeg_arrival_lava_temple_mockup, layout_basic,
          ebering_ecumenical_altar_abandoned
D:2:      layout_rooms, chequers_decorated_corner, chequers_mini_garden
D:3:      layout_loops_corners
D:4:      layout_loops_corners, trog_ov_bears_minmay
D:5:      layout_gridville, mainiacjoe_overflow_alcove_1
D:6:      cheibrodos_helix_gallery, layout_layer_cave, kennysheep_dice,
          uniq_maggie
D:7:      layout_loops_corners, minmay_temple_entry_offerings, serial_shops,
          nicolae_stop_n_shop_2, shop, grunt_ministairs_5,
          minmay_increasing_density
D:8:      layout_loops_ring, grunt_temple_overflow_open
D:9:      layout_loops_ring, uniq_gastronok
D:10:     layout_small_grid, serial_shops, shop, shop_statue,
          hangedman_decor_diamond_cutter, hangedman_decor_opposing, uniq_psyche,
          uniq_maurice
D:11:     layout_irregular_city, erik_lair_orcish_takeover, serial_column_ruins,
          column_ruins_columns_dead_end, column_ruins_open_small,
          column_ruins_columns_corner, column_ruins_columns_plus,
          column_ruins_grid_1, gammafunk_ghost_smash
D:12:     layout_loops_corners, erik_orc_2, uniq_jorgrun
Temple:   nicolae_temple_elliptical
Lair:1:   layout_loops_ring, serial_bayou_shore_b, grunt_megastairs_3,
          lemuel_fruit_fields
Lair:2:   layout_cave_pods, minmay_shoals_entry_beasts, dummy_snake_entry,
          gauntlet_entry_generic, patterned_corridor, serial_bayou_shore_b,
          serial_bayou_shore_a
Lair:3:   layout_roguey, grunt_forest_small_clearing_treed
Lair:4:   layout_cave_pods, gammafunk_ghost_necromancy, nicolae_lair_lindhole,
          uniq_snorg
Lair:5:   layout_misc_corridors, hangedman_lair_unloving_vines,
          columned_hall_lemuel, nicolae_quartered_pool_impasse,
          chequers_serial_rivers_marsh
Lair:6:   cheibrodos_lair_end_hotspot, layout_cellular_growth,
          nicolae_slime_entry_slimehenge

Skill      XL: |  1  2  3  4  5  6  7  8  9 10 11 12 13 14 |
---------------+-------------------------------------------+-----
Unarmed Combat | 4 5 6 7 8 9 11 13 15 16 18 19 21 | 21.0
Armour         | 1 2 4 6 8 9 10 12 13 | 13.1
Fighting       | 4 7 8 9 |  9.9
Invocations    | 1 4 |  4.8
Dodging        | |  2.6
Stealth        | |  2.1

Action                   |  1- 3 |  4- 6 |  7- 9 | 10-12 | 13-15 || total
-------------------------+-------+-------+-------+-------+-------++-------
Melee: Unarmed           |    88 |   133 |   206 |   527 |   586 ||  1540
       Punch             |     3 |     5 |    12 |    57 |    94 ||   171
Throw: Boomerang         |     8 |     4 |     7 |     4 |       ||    23
       Dart              |       |       |       |    19 |     7 ||    26
  Use: Scroll            |       |       |    11 |    10 |     2 ||    23
       Potion            |       |       |       |       |     1 ||     1
 Stab: Sleeping          |     3 |       |       |       |       ||     3
       Invisible         |       |       |       |     2 |       ||     2
Armor: Robe              |     9 |       |       |       |       ||     9
       Scale mail        |     5 |    10 |       |       |       ||    15
       Plate armour      |       |    51 |   141 |     6 |       ||   198
       Chain mail        |       |       |       |   301 |   310 ||   611
Dodge: Dodged            |    45 |    38 |    63 |   180 |   220 ||   546
